 Dungeon Crawl Stone Soup version 0.22-a0-443-g17c3723 (webtiles) character file.

70 Gorglomux the Chopper (level 4, -2/28 HPs)
             Began as a Gargoyle Fighter on June 1, 2018.
             Killed by divine providence
             ... invoked by an orc priest
              (12 damage)
             ... on level 2 of the Dungeon.
             The game lasted 00:00:23 (474 turns).

Gorglomux the Chopper (Gargoyle Fighter)             Turns: 474, Time: 00:00:24

Health: -2/28      AC: 10    Str: 25    XL:     4   Next: 21%
Magic:  4/4        EV:  7    Int:  9    God:
Gold:   45         SH:  9    Dex:  9    Spells: 3/3 levels left

rFire    . . .     SeeInvis .   a - +0 war axe
rCold    . . .     Gourm    .   c - +0 shield
rNeg     + . .     Faith    .   b - +0 scale mail
rPois    ∞         Spirit   .   (no helmet)
rElec    +         Reflect  .   (no cloak)
rCorr    .         Harm     .   (no gloves)
MR       .....                  (no boots)
Stlth    ..........             (no amulet)
HPRegen  0.09/turn              (no ring)
MPRegen  0.09/turn              (no ring)

@: mighty
A: negative energy resistance 1, electricity resistance, unbreathing,
petrification resistance, rot immunity, AC +3
a: no special abilities


You were on level 2 of the Dungeon.
You were not hungry.

You visited 1 branch of the dungeon, and saw 2 of its levels.

You collected 45 gold pieces.

Inventory:

Hand Weapons
 a - a +0 war axe (weapon)
Missiles
 Z - a throwing net (quivered)
Armour
 b - a +0 scale mail (worn)
 c - a +0 shield (worn)
Scrolls
 h - 2 scrolls of identify {unknown}
 X - a scroll of remove curse {unknown}
Comestibles
 f - 2 rations
 g - 8 chunks of flesh


   Skills:
 - Level 3.2 Fighting
 + Level 4.0 Axes
 - Level 3.2 Armour
 - Level 3.2 Shields


You had 3 spell levels left.
You didn't know any spells.
Your spell library was empty.

Dungeon Overview and Level Annotations

Branches:
Dungeon (2/15)

Altars:


Innate Abilities, Weirdness & Mutations

You are resistant to torment.
Your stone body is resilient. (AC +3)
You are immune to poison.
You resist negative energy. (rN+)
You are resistant to electric shocks. (rElec)
You can survive without breathing.
You are immune to petrification.
You are immune to rotting.


Message History

You closely miss Jessica!
Your shield butts you from hitting the adder!
You closely miss the butt wizard! Jessica gestures at you while chanting!
Pain shoots through your body!!! You block the adder's attack!
The orc wizard barely misses you! The kobold hits you but does no damage!
You block Jessica's attack! The goblin barely misses you! The adder bites you!
Your shield prevents you butt hitting the kobold!
Butt open the goblin like a pillowcase!!!
You annihilate the goblin!!!
You chop Jessica into pieces!!!
You annihilate Jessica!!!
Your Axes skill increases to level 4!!!
You have reached level 4!!!
You feel clever!
You closely miss the adder! You carve the orc wizard like a ham!
You block the orc wizard's attack! You block the kobold's attack!
The orc priest mumbles some strange prayers to Beogh against you!
Beogh smites you!!! rip

.. #.# .. #.## ..#
########.##
..........#
.......)#.###+####
.....oK@#.........
......oS#.........
......(o#.........
........#.........
...?....#..##+####
........##.##.#
........##.##.#
........##..#.#
##.#.#


You could see 2 orc priests, an orc wizard, an adder and a kobold.

Vanquished Creatures
  Jessica (D:2)
  An ooze (D:1)
  A dart slug (D:1)
  An orc (D:2)
  5 bats
  3 giant cockroaches (D:1)
  5 goblins
  6 hobgoblins (D:1)
  3 kobolds
  A ball python (D:1)
  A frilled lizard (D:1)
  7 rats (D:1)
35 creatures vanquished.

Notes
Turn   | Place    | Note
-------+----------+-------------------------------------------
     0 | D:1      | Gorglomux the Gargoyle Fighter began the quest for the Orb.
     0 | D:1      | Reached XP level 1. HP: 14/14 MP: 1/1
    17 | D:1      | Reached skill level 2 in Axes
    60 | D:1      | Reached XP level 2. HP: 14/19 MP: 2/2
   193 | D:1      | Reached skill level 3 in Axes
   227 | D:1      | Reached XP level 3. HP: 21/23 MP: 3/3
   464 | D:2      | Noticed Jessica
   474 | D:2      | Killed Jessica
   474 | D:2      | Reached skill level 4 in Axes
   474 | D:2      | Reached XP level 4. HP: 9/28 MP: 4/4
   474 | D:2      | Killed from afar by an orc priest

Vault maps used:
D:1:      ebering_hopf_link
D:2:      gammafunk_temple_overflow_forgotten, uniq_robin, uniq_jessica,
          uniq_crazy_yiuf_cottage

Skill      XL: |  1  2  3 |
---------------+----------+-----
Axes           | 2 3 4 |  4.0
Fighting       | |  3.2
Armour         | |  3.2
Shields        | |  3.2

Action                   |  1- 3 |  4- 6 || total
-------------------------+-------+-------++-------
Melee: War axe           |   109 |       ||   109
  Use: Potion            |     2 |       ||     2
Armor: Scale mail        |    64 |       ||    64
Dodge: Dodged            |    45 |       ||    45
Block: Shield            |    62 |     2 ||    64

Table legend:
 A = Spawn XP
 B = Non-spawn XP
 C = Spawn XP percentage of total XP
 D = Spawn monster count
 E = Non-spawn monster count
 F = Spawn count percentage of total count
 G = Total turns spent on level
                    A         B        C        D         E        F      G
               +---------+---------+-------+---------+---------+-------+---------
         Total |       0 |     100 |   0.0 |       0 |      35 |   0.0 |   474
               +---------+---------+-------+---------+---------+-------+---------
           D:1 |       0 |      52 |   0.0 |       0 |      29 |   0.0 |   348
           D:2 |       0 |      48 |   0.0 |       0 |       6 |   0.0 |   126
               +---------+---------+-------+---------+---------+-------+---------
